 Dungeon Sprint DCSS version 0.27-a0-1154-gfdeffcb720 (webtiles) character file.

Game seed: 4160302493429847082

2900000 Zeld the Intangible (level 23, -36/197 HPs)
             Began as an Octopode Gladiator on May 14, 2021.
             Was the Champion of Makhleb.
             Annihilated by a large bag of meat
             ... wielding a +9 giant spiked club
              (81 damage)
             ... in the Dungeon (Sprint VIII: "Arena of Blood").
             The game lasted 00:01:23 (29 turns).

Zeld the Intangible (Octopode Gladiator)              Turns: 29, Time: 00:01:23

Health: -36/197    AC:  1    Str: 20    XL:     23   Next: 36%
Magic:  18/40      EV: 29    Int: 11    God:    Makhleb [******]
Gold:   0          SH:  0    Dex: 16    Spells: 22/22 levels left

rFire    . . .     SeeInvis .   i - +∞ Axe of Woe
rCold    . . .     Faith    .   (shield currently unavailable)
rNeg     . . .     Spirit   .   a - +0 hat
rPois    .         Reflect  .   (no amulet)
rElec    .         Harm     .   (no ring)
rCorr    .         Rampage  .   (no ring)
Will     +....     NoTele   +   (no ring)
Stlth    ++........             (no ring)
HPRegen  0.42/turn              (no ring)
MPRegen  0.27/turn              (no ring)
                                (no ring)
                                (no ring)

@: no status effects
A: almost no armour, amphibious, 8 rings, camouflage 1, gelatinous body 1,
(nimble swimmer 1), tentacles
a: Renounce Religion, Minor Destruction, Lesser Servant of Makhleb, Major
Destruction, Greater Servant of Makhleb


You were in the Dungeon.
You worshipped Makhleb.
Makhleb was exalted by your worship.
You visited 1 branch

Inventory:

Hand Weapons
 i - the +∞ Axe of Woe (weapon)
   (You found it in the Dungeon)
Armour
 a - a +0 hat (worn)
Scrolls
 h - a scroll of blinking
Potions
 c - a potion of curing
 d - a potion of heal wounds
 e - a potion of haste
 f - 2 potions of magic
 g - a potion of berserk rage


   Skills:
 O Level 27 Fighting
 O Level 27 Axes
 O Level 27 Maces & Flails
 O Level 27 Polearms
 O Level 27 Staves
 * Level 22.6(27) Slings
 O Level 27 Throwing
 O Level 27 Dodging
 O Level 27 Unarmed Combat
 O Level 27 Invocations


You had 22 spell levels left.
You didn't know any spells.
Your spell library was empty.

Dungeon Overview and Level Annotations

Branches:
Dungeon (1/1)

Altars:
Makhleb

Annotations:
D The Servant


Innate Abilities, Weirdness & Mutations

You cannot wear most types of armour.
You are amphibious.
You can wear up to eight rings at the same time.
Your skin changes colour to match your surroundings (Stealth+).
Your rubbery body absorbs attacks. (AC +1, EV +1)
((You are camouflaged near water. (Stealth+)))
You have tentacles for arms and can constrict up to eight enemies at once.


Message History

The meat berserker rages.
You hear a shout! x3
A large bag of meat comes into view. It is wielding a +9 giant spiked club.
You hear a shout! x4
The meat berserker rages.
You hear a shout! x3
You have mastered Throwing!
You need to enable at least one skill for training.
Your base Slings skill gained 14 levels and is now at level 14!
You have reached level 23!
You slash the large bag of meat!
Flame seeps out of the large bag of meat.
You butcher the large bag of meat messily.
Makhleb accepts your kill.
You feel better.
The large bag of meat explodes!
The fiery explosion engulfs the bag of meat!!
The fiery explosion engulfs you!!!
The fiery explosion engulfs the bag of meat!!!
You are engulfed in blazing flames.
You hear a shout!
A bag of meat comes into view. It is wielding a +9 war axe.
You hear a shout!
The large bag of meat is engulfed in blazing flames.
A bag of meat comes into view. It is wielding a +9 war axe.
A large bag of meat comes into view. It is wielding a +9 giant spiked club.
You hear a shout! x3
Your base Slings skill gained 8 levels and is now at level 22!
Unknown command. 2 orcs and a vampire knight come into view.
The destroyer is wielding a +9 vorpal great sword.
You are engulfed in blazing flames.
You hear a shout! x2
The bag of meat is engulfed in blazing flames. x2
You hear a shout!
The large bag of meat is engulfed in blazing flames.
The large bag of meat hits you with a +9 giant spiked club!!!!
* * * LOW HITPOINT WARNING * * *
The large bag of meat hits you with a +9 giant spiked club!!!!
You die...

V..... ..... ..
#.o.. .# .. #...
..# ..O###...
..###.
.o......###......
#..o...O§_..o...
#@O§☼○# #§§§)§#
#ooO§.#
..§.§_..O...
..o...###O..@..
.O###... ..###. O
#... ..# #... .#
..... ..


You could see The Servant, a destroyer (wandering), 4 large bags of meat, 2 meat
berserkers and 6 bags of meat.

Vanquished Creatures
  8 ogres (D)
  3 two-headed ogres (D)
  18 orcs (D)
29 creatures vanquished.

Notes
Turn   | Place    | Note
-------+----------+-------------------------------------------
     0 | D        | Found the +∞ Axe of Woe
     0 | D        | Zeld the Octopode Gladiator began the quest for the Orb.
     0 | D        | Reached XP level 1. HP: 14/14 MP: 1/1
     2 | D        | Noticed a meat berserker
     2 | D        | Noticed a bag of meat
     2 | D        | Noticed a bag of meat
     3 | D        | Noticed a bag of meat
     4 | D        | Became a worshipper of Makhleb the Destroyer
     5 | D        | Noticed a meat berserker
     6 | D        | Noticed a bag of meat
     6 | D        | Noticed a bag of meat
     6 | D        | Noticed a bag of meat
     7 | D        | Killed a meat berserker
     7 | D        | Killed a bag of meat
     7 | D        | Reached * piety under Makhleb
     7 | D        | Noticed a meat berserker
     7 | D        | Noticed a meat berserker
     7 | D        | Noticed a bag of meat
     7 | D        | Noticed a bag of meat
     7 | D        | Noticed a bag of meat
     8 | D        | Reached XP level 2. HP: 36/36 MP: 2/2
     8 | D        | Reached XP level 3. HP: 41/41 MP: 3/3
     8 | D        | Reached XP level 4. HP: 47/47 MP: 4/4
     8 | D        | Reached XP level 5. HP: 53/53 MP: 5/5
     8 | D        | Reached XP level 6. HP: 59/59 MP: 6/6
     8 | D        | Reached XP level 7. HP: 64/64 MP: 7/7
     8 | D        | Reached XP level 8. HP: 71/71 MP: 8/8
     8 | D        | Reached XP level 9. HP: 76/76 MP: 9/9
     8 | D        | Reached XP level 10. HP: 82/82 MP: 10/10
     8 | D        | Reached XP level 11. HP: 88/88 MP: 11/11
     8 | D        | Reached XP level 12. HP: 94/94 MP: 12/12
     8 | D        | Reached XP level 13. HP: 99/99 MP: 13/13
     8 | D        | Reached XP level 14. HP: 106/106 MP: 14/14
     8 | D        | Killed a bag of meat
     8 | D        | Killed a meat berserker
     8 | D        | Noticed a bag of meat
     9 | D        | Reached skill level 15 in Invocations
     9 | D        | Reached XP level 15. HP: 111/111 MP: 14/26
     9 | D        | Noticed a meat berserker
    10 | D        | Killed a meat berserker
    10 | D        | Reached ** piety under Makhleb
    11 | D        | Reached XP level 16. HP: 73/117 MP: 14/30
    11 | D        | Killed a meat berserker
    11 | D        | Reached *** piety under Makhleb
    11 | D        | Noticed a meat berserker
    12 | D        | Reached skill level 27 in Dodging
    12 | D        | Reached skill level 27 in Invocations
    12 | D        | Reached XP level 17. HP: 123/123 MP: 14/34
    12 | D        | Reached XP level 18. HP: 129/129 MP: 14/35
    13 | D        | Reached skill level 27 in Axes
    14 | D        | Reached **** piety under Makhleb
    15 | D        | Killed a meat berserker
    16 | D        | Reached skill level 27 in Fighting
    16 | D        | Reached XP level 19. HP: 170/170 MP: 15/36
    18 | D        | Noticed a large bag of meat
    18 | D        | Killed a meat berserker
    18 | D        | Reached ***** piety under Makhleb
    18 | D        | Noticed a large bag of meat
    19 | D        | Reached skill level 27 in Maces & Flails
    19 | D        | Reached XP level 20. HP: 177/177 MP: 15/37
    21 | D        | Noticed a meat berserker
    21 | D        | Noticed a large bag of meat
    21 | D        | Killed a large bag of meat
    21 | D        | Noticed a large bag of meat
    22 | D        | Reached skill level 27 in Polearms
    22 | D        | Reached XP level 21. HP: 130/183 MP: 16/38
    22 | D        | Noticed a meat berserker
    25 | D        | Killed a meat berserker
    25 | D        | Reached ****** piety under Makhleb
    25 | D        | Noticed a meat berserker
    25 | D        | Noticed a large bag of meat
    26 | D        | Reached skill level 27 in Staves
    26 | D        | Reached XP level 22. HP: 152/190 MP: 17/39
    26 | D        | Noticed a large bag of meat
    26 | D        | Noticed a large bag of meat
    27 | D        | Reached skill level 27 in Unarmed Combat
    27 | D        | Killed a large bag of meat
    27 | D        | Noticed The Servant
    27 | D        | Noticed a large bag of meat
    28 | D        | Reached skill level 27 in Throwing
    28 | D        | Reached XP level 23. HP: 159/197 MP: 17/40
    28 | D        | Killed a large bag of meat
    28 | D        | Noticed a large bag of meat
    29 | D        | Noticed a destroyer
    29 | D        | Annihilated by a large bag of meat

Illustrated notes

Levels and vault maps discovered:
D:        meatsprint

Skill      XL: |  1  2  3  4  5  6  7  8  9 10 11 12 13 14 15 16 17 18 19 20 21 22 23 |
---------------+----------------------------------------------------------------------+-----
Fighting       | 13 27 | 27.0
Axes           | 8 16 20 26 27 | 27.0
Throwing       | 12 27 | 27.0
Dodging        | 20 24 26 27 | 27.0
Unarmed Combat | 21 26 27 | 27.0
Invocations    | 15 20 27 | 27.0
Maces & Flails | 2 27 | 27.0
Polearms       | 16 27 | 27.0
Staves         | 12 27 | 27.0
Slings         | 14 22 | 22.6

Action                   |  1- 3 |  4- 6 |  7- 9 | 10-12 | 13-15 | 16-18 | 19-21 | 22-24 || total
-------------------------+-------+-------+-------+-------+-------+-------+-------+-------++-------
Melee: Executioner's axe |     1 |       |       |       |     2 |     4 |     7 |     3 ||    17
Dodge: Dodged            |       |       |       |       |       |       |     2 |       ||     2

Table legend: (Time is in decaauts)
 A = Elapsed time spent in this place.
 B = Non-inter-level travel time spent in this place.
 C = Inter-level travel time spent in this place.
 D = Time resting spent in this place.
 E = Time spent auto-exploring this place.
 F = Levels seen in this place.
 G = Mean time per level.
                   A        B        C        D        E       F      G
               +--------+--------+--------+--------+--------+-----+--------+
         Total |     26 |     26 |      0 |      0 |      0 |   1 |   26.0 |
       Dungeon |     26 |     26 |      0 |      0 |      0 |   1 |   26.0 |
               +--------+--------+--------+--------+--------+-----+--------+

Top non-repeatable levels by time:
       D: 26 daAuts
